 Dungeon Crawl Stone Soup version 0.27-a0-1384-g1422d76b99 (webtiles) character file.

Game seed: 11901964611501804832

18 dickylongcocking the Skirmisher (level 2, 0/24 HPs)
             Began as a Djinni Wanderer on July 1, 2021.
             Slain by an adder (1 damage)
             ... on level 2 of the Dungeon.
             The game lasted 00:00:48 (1264 turns).

dickylongcocking the Skirmisher (Djinni Wanderer)   Turns: 1264, Time: 00:00:49

Health: 0/24       AC:  3    Str: 11    XL:     2   Next: 85%
Gold:   38         EV: 10    Int: 14    God:
                   SH:  0    Dex: 11

rFire    + + .     SeeInvis .   a - +2 dagger
rCold    x . .     Faith    .   (no shield)
rNeg     . . .     Spirit   .   g - +0 leather armour
rPois    ∞         Reflect  .   (no helmet)
rElec    .         Harm     .   (no cloak)
rCorr    .         Rampage  .   (no gloves)
Will     .....                  (boots unavailable)
Stlth    +.........             (no amulet)
HPRegen  0.08/turn              (no ring)
MPRegen  0.00/turn              (no ring)

@: flying
A: sickness immunity, fire resistance 2, cold vulnerability 1, float, innate
caster, hp casting, extra vitality 1
a: no special abilities


You were on level 2 of the Dungeon.
You visited 1 branch of the dungeon, and saw 2 of its levels.

You collected 38 gold pieces.

Inventory:

Hand Weapons
 a - a +2 dagger (weapon)
Missiles
 b - 4 curare-tipped darts (quivered)
Armour
 c - a +0 robe
 g - a +0 leather armour (worn)
Magical Staves
 e - a staff of cold
Scrolls
 d - a scroll of silence {unknown}
 f - 2 scrolls of fear {unknown}
Potions
 h - a potion of degeneration {unknown}
 i - a potion of haste {unknown}


   Skills:
 * Level 2.5 Fighting
 * Level 1.2 Short Blades
 - Level 1.5 Axes
 - Level 1.0 Throwing
 - Level 1.0 Armour
 - Level 1.0 Shields
 - Level 2.4 Spellcasting


You couldn't memorise any spells.
You knew the following spells:

 Your Spells              Type           Power      Damage    Failure   Level
a - Sandblast             Erth           16%        2d6       11%         1
b - Stone Arrow           Conj/Erth      16%        3d8       32%         3
c - Beastly Appendage     Tmut           16%        N/A       11%         1
d - Spider Form           Tmut/Pois      4%         N/A       32%         3

Your spell library contained the following spells:

 Spells                   Type           Power      Damage    Failure   Level


Dungeon Overview and Level Annotations

Branches:
Dungeon (2/15)

Altars:


Innate Abilities, Weirdness & Mutations

You are immune to sickness and miasma.
You are immune to poison.
Your flesh is very heat resistant. (rF++)
You are vulnerable to cold. (rC-)
You float through the air rather than walking.
You learn spells naturally, not from books.
Your magical power is your life essence.
You have superior vitality. (+4 HP)


Message History

The jackal bites you but does no damage.
The adder barely misses you.
You closely miss the adder. The jackal barely misses you.
The adder bites you but does no damage. The jackal bites you.
You closely miss the adder. The adder closely misses you.
The jackal closely misses you.
You barely miss the adder. The adder barely misses you. The jackal bites you.
The adder bites you.
* * * LOW HITPOINT WARNING * * *
Casting: Beastly Appendage (safe; 11% risk of failure)
Confirm with . or Enter, or press ? or * to list all spells.
You don't have any stones to cast with.
Unknown command.
Casting: Sandblast (safe; 11% risk of failure)
Confirm with . or Enter, or press ? or * to list all spells.
Okay, then.
Casting: Sandblast (safe; 11% risk of failure)
Confirm with . or Enter, or press ? or * to list all spells.
You aren't experienced enough to cast this spell.
Unknown command.
Unknown command.
Casting: Sandblast (safe; 11% risk of failure)
Confirm with . or Enter, or press ? or * to list all spells.
You don't have any stones to cast with.
Unknown command.
Unknown command.
You miss the adder. The jackal barely misses you. The adder bites you.
* * * LOW HITPOINT WARNING * * *
The jackal barely misses you.
You hit the adder but do no damage. The jackal closely misses you.
The adder bites you.
* * * LOW HITPOINT WARNING * * *
You hit the adder.
The adder is lightly wounded.
The jackal barely misses you. The adder barely misses you.
You hit the adder.
The adder is severely wounded.
The jackal bites you but does no damage.
The adder bites you.
You die...

#### # #... ..
#... ###...
#... #§§.§..
#... PP§..[.
#...###S§§§#
#...<.@P§§P
#...#.?h§§§#
##..+...##....
####...# §..
#...# . #...#
#..=# #...#


You could see an adder and a jackal.

Vanquished Creatures
  2 ball pythons (D:1)
  An endoplasm (D:1)
  A giant cockroach (D:1)
  A goblin (D:1)
  2 hobgoblins (D:1)
  3 jackals
  A quokka (D:1)
  A bat (D:1)
  A frilled lizard (D:1)
  2 rats (D:1)
15 creatures vanquished.

Vanquished Creatures (others)
  A withered plant (D:2)
1 creature vanquished.

Grand Total: 16 creatures vanquished

Notes
Turn   | Place    | Note
-------+----------+-------------------------------------------
     0 | D:1      | dickylongcocking the Djinni Wanderer began the quest for
                  | the Orb.
     0 | D:1      | Reached XP level 1. HP: 18/18 MP: 0/0
   229 | D:1      | Reached XP level 2. HP: 4/23 MP: 0/0
   917 | D:1      | Reached skill level 1 in Short Blades
  1058 | D:1      | Found a faded altar of an unknown god.
  1262 | D:2      | HP: 1/24 [adder (3)]
  1264 | D:2      | Slain by an adder

Illustrated notes

Levels and vault maps discovered:
D:1:      dpeg_arrival_shrine, layout_loops_ring, basic_ecumenical_altar
D:2:      layout_basic, serial_undead, serial_undead_d, serial_undead_b,
          serial_undead_a, serial_undead_b, serial_shops, shop

Skill      XL: |  1  2 |
---------------+-------+-----
Short Blades   | 1 |  1.2
Fighting       | |  2.5
Axes           | |  1.5
Throwing       | |  1.0
Armour         | |  1.0
Shields        | |  1.0
Spellcasting   | |  2.4

Action                   || total
-------------------------++-------
Melee: Dagger            ||    64
 Cast: Beastly Appendage ||     1
 Stab: Sleeping          ||     1
Armor: Robe              ||     7
       Leather armour    ||    17
Dodge: Dodged            ||    47

Table legend: (Time is in decaauts)
 A = Elapsed time spent in this place.
 B = Non-inter-level travel time spent in this place.
 C = Inter-level travel time spent in this place.
 D = Time resting spent in this place.
 E = Time spent auto-exploring this place.
 F = Levels seen in this place.
 G = Mean time per level.
                   A        B        C        D        E       F      G
               +--------+--------+--------+--------+--------+-----+--------+
         Total |   1261 |   1211 |     50 |      0 |   1050 |   2 |  630.5 |
       Dungeon |   1261 |   1211 |     50 |      0 |   1050 |   2 |  630.5 |
               +--------+--------+--------+--------+--------+-----+--------+

Top non-repeatable levels by time:
     D:1: 1241 daAuts
     D:2: 20 daAuts
